 Dungeon Crawl Stone Soup version 0.19-a0-475-gfca3800 (webtiles) character file.

222 namelastname112 the Grave Robber (level 5, -16/30 HPs)
             Began as a Tengu Necromancer on June 4, 2016.
             Demolished by a crocodile (17 damage)
             ... in a sewer.
             The game lasted 00:07:16 (2820 turns).

namelastname112 the Grave Robber (TeNe)             Turns: 2820, Time: 00:07:17

Health: -16/30     AC:  6    Str:  6 (9)  XL:     5   Next: 99%
Magic:  0/10       EV: 12    Int: 13 (16) God:
Gold:   120        SH:  0    Dex: 12 (14) Spells: 4 memorised, 1 level left

rFire  + . .     SeeInvis .     y - +2 dagger (venom)
rCold  . . .     Gourm    .     p - +2 leather armour {rF+}
rNeg   . . .     Faith    .     (no shield)
rPois  .         Spirit   .     (helmet restricted)
rElec  .         Dismiss  .     (no cloak)
rCorr  .         Reflect  .     r - +0 pair of gloves
SustAt .         Harm     .     (boots unavailable)
MR     .....                    (no amulet)
Stlth  +++.......               (no ring)
                                e - ring of stealth

@: very slightly contaminated, not resistant to hostile enchantments, fairly
stealthy
A: beak, talons 3, able to fly 1
a: Fly


You were in a sewer.
You were hungry.

You visited 1 branch of the dungeon, and saw 3 of its levels.
You also visited: Sewer.

You collected 120 gold pieces.

Inventory:

Hand Weapons
 y - a +2 dagger of venom (weapon)
Armour
 p - a +2 leather armour of fire resistance (worn)
 r - a +0 pair of gloves (worn)
Jewellery
 e - a ring of stealth (left hand)
Scrolls
 d - 4 scrolls of identify {unknown}
 f - a scroll of enchant armour {unknown}
 i - 2 scrolls of teleportation {unknown}
 j - a scroll of recharging {unknown}
 l - a scroll of blinking {unknown}
 m - 2 scrolls of fear {unknown}
 o - a scroll of noise {unknown}
 s - a scroll of remove curse {unknown}
 u - a scroll of immolation {unknown}
 v - a scroll of random uselessness {unknown}
 x - a scroll of amnesia {unknown}
Potions
 a - a potion of agility {unknown}
 g - a potion of degeneration
 k - a potion of magic {unknown}
 t - a potion of flight {unknown}
 w - a potion of curing {unknown}
Books
 b - a book of Necromancy

   Spells                             Type                      Level
   a - Pain                           Necromancy                   1
   b - Animate Skeleton               Necromancy                   1
   c - Vampiric Draining              Necromancy                   3
   d - Regeneration                   Charms/Necromancy            3
   e - Animate Dead                   Necromancy                   4
   f - Control Undead                 Necromancy                   4
Comestibles
 c - 2 bread rations
 h - 2 chunks of flesh
 n - a meat ration


   Skills:
 + Level 1.9 Fighting
 + Level 3.7 Dodging
 - Level 2.0 Stealth
 + Level 2.8 Spellcasting
 * Level 6.0 Necromancy


You had one spell level left.
You knew the following spells:

 Your Spells              Type           Power        Failure   Level  Hunger
a - Animate Skeleton      Necr           N/A          3%          1    #......
d - Regeneration          Chrm/Necr      #.........   34%         3    ###....
s - Vampiric Draining     Necr           ###.......   12%         3    ###....
z - Pain                  Necr           ###.         3%          1    #......


Dungeon Overview and Level Annotations

Branches:
Dungeon (3/15)

Altars:
Yredelemnul
The Shining One

Annotations:
D:3 Purgy


Innate Abilities, Weirdness & Mutations

You have a beak for a mouth.
You have claws for feet.
You can fly.


Message History

You sense a malignant aura.
You are feeling hungry.
The crocodile bites you!
You take 12 damage, and have 12/30 hp.
MASSIVE DAMAGE!!
You now have 0/10 mp.
You hit the crocodile.
The crocodile is poisoned.
Your kick misses the crocodile.
The crocodile is severely wounded.
The crocodile barely misses you.
You barely miss the crocodile.
You claw the crocodile, but do no damage.
The crocodile is severely wounded.
The crocodile bites you!
* * * LOW HITPOINT WARNING * * *
You take 11 damage, and have 1/30 hp.
MASSIVE DAMAGE!!
It was a potion of degeneration.
There was something very wrong with that liquid.
You feel weakened.
You feel dopey.
You feel clumsy. The crocodile bites you!
Ouch! That really hurt!
You die...

≈..####≈.≈≈≈≈≈≈≈≈≈≈≈####
≈### ##.≈≈≈≈≈≈≈≈≈≈≈≈≈≈#
≈# ####≈≈≈≈≈≈≈≈≈≈≈≈# ##
##.≈.≈≈≈≈≈≈≈≈≈
####≈≈≈≈≈≈≈≈≈ #.≈≈≈≈≈≈≈≈
##≈≈≈≈≈≈≈≈ #≈≈≈≈≈≈≈≈
?#######@≈≈≈≈≈≈≈
..≈≈.≈≈t≈≈≈≈≈≈≈≈
?#######≈≈≈≈≈≈≈≈
#≈≈≈≈≈≈≈≈ ##.≈≈≈≈≈≈
.≈≈≈≈≈≈ ≈≈≈≈≈≈≈ ≈≈≈≈≈≈≈
≈≈≈≈≈


You could see a crocodile.

Vanquished Creatures
  Terence (D:2)
  An orc wizard (D:3)
  4 adders
  A river rat (D:3)
  An ooze (D:1)
  A worm (D:3)
  5 dart slugs
  3 giant geckos
  8 orcs (D:3)
  3 ball pythons
  11 giant cockroaches
  6 goblins
  9 hobgoblins
  7 bats
  8 giant newts
  6 kobolds
  12 rats
87 creatures vanquished.

Vanquished Creatures (collateral kills)
  An adder (D:2)
  A worm (D:1)
  2 dart slugs
  A bat (D:1)
5 creatures vanquished.

Grand Total: 92 creatures vanquished

Notes
Turn   | Place    | Note
--------------------------------------------------------------
     0 | D:1      | namelastname112 the Tengu Necromancer began the quest for the Orb.
     0 | D:1      | Reached XP level 1. HP: 10/10 MP: 4/4
     0 | D:1      | jacquesderrida: http://i9.mangareader.net/i-am-a-hero/218/i-am-a-hero-7633789.jpg
     2 | D:1      | Learned a level 1 spell: Animate Skeleton
   324 | D:1      | Reached XP level 2. HP: 16/16 MP: 4/6
   636 | D:1      | Reached XP level 3. HP: 7/20 MP: 7/7
   667 | D:1      | Learned a level 3 spell: Vampiric Draining
   711 | D:1      | Reached skill level 1 in Fighting
   711 | D:1      | Reached skill level 5 in Necromancy
  1479 | D:2      | Noticed Terence
  1522 | D:2      | Killed Terence
  1522 | D:2      | Reached XP level 4. HP: 10/25 MP: 0/8
  1794 | D:2      | Learned a level 3 spell: Regeneration
  1826 | D:2      | Found a glowing golden altar of the Shining One.
  1871 | D:2      | Found a basalt altar of Yredelemnul.
  1972 | D:2      | Gained mutation: You can fly. [Tengu growth]
  1972 | D:2      | Reached XP level 5. HP: 20/29 MP: 4/9
  2264 | D:3      | Noticed Purgy
  2307 | D:3      | crauler: пурген
  2315 | D:3      | crauler: неожиданно
  2439 | D:3      | xeno23: почему тенгу?
  2460 | D:3      | xeno23: из них так себе некры
  2509 | D:3      | namelastname112: ну почему
  2509 | D:3      | namelastname112: апта
  2521 | D:3      | crauler: +1 некра
  2570 | D:3      | Reached skill level 6 in Necromancy
  2634 | D:3      | crauler: на оружие тоже положительные апты
  2634 | D:3      | crauler: дод
  2644 | D:3      | crauler: ж
  2688 | D:3      | xeno23: ну у них на эйр и кожуру +3
  2752 | D:3      | Found a glowing drain.
  2756 | Sewer    | Entered a sewer
  2804 | Sewer    | Noticed a crocodile
  2811 | Sewer    | crauler: у гаргульи там тоже апта на землю
  2819 | Sewer    | HP: 1/30 [crocodile (11)]
  2820 | Sewer    | crauler: но почемуто чаще берут ГрФи
  2820 | Sewer    | Demolished by a crocodile

Vault maps used:
D:1:      kilobyte_arrival_exit_the_forest, st_stairs_1,
          hangedman_feature_mirror
D:2:      old_standard_altar, tso_metal_star, uniq_terence
D:3:      gup_sewer_entry_spiral, uniq_purgy
Sewer:    sewer_co_purgy_island

Skill      XL: |  1  2  3  4  5 |
---------------+----------------+-----
Fighting       | 1 |  1.9
Necromancy     | 5 6 |  6.0
Dodging        | 3 |  3.7
Stealth        | |  2.0
Spellcasting   | |  2.8

Action                   |  1- 3 |  4- 6 || total
-------------------------+-------+-------++-------
Melee: Unarmed           |     4 |       ||     4
       Short sword       |    12 |    60 ||    72
       Kick              |     2 |    18 ||    20
       Peck              |     2 |    14 ||    16
       Dagger            |       |    41 ||    41
 Cast: Pain              |    52 |    38 ||    90
       Animate Skeleton  |    10 |    19 ||    29
       Vampiric Draining |     3 |     7 ||    10
       Regeneration      |       |     4 ||     4
  Use: Potion            |       |     1 ||     1
 Stab: Sleeping          |     1 |     6 ||     7
  Eat: Chunk             |     3 |     6 ||     9
Armor: Robe              |     8 |       ||     8
       Leather armour    |       |    23 ||    23
Dodge: Dodged            |    24 |    59 ||    83
